 Dungeon Crawl Stone Soup version 0.30-a0-596-g0af90f9a20 (webtiles) character file.

Game seed: 8475489646918533868

186 drugrobin the Ruffian (level 5, -9/42 HPs)
             Began as a Demigod Delver on Jan 7, 2023.
             Killed by divine providence
             ... invoked by an orc priest
              (11 damage)
             ... on level 3 of the Dungeon.
             The game lasted 00:10:19 (3273 turns).

drugrobin the Ruffian (Demigod Delver)              Turns: 3273, Time: 00:10:20

Health: -9/42      AC:  8    Str: 16 (17) XL:     5   Next: 15%
Magic:  7/7        EV:  9    Int: 11 (12) God:
Gold:   169        SH:  0    Dex: 13 (15) Spells: 4/4 levels left

rFire   . . .      SeeInvis .      - Unarmed
rCold   . . .      Faith    .    (no shield)
rNeg    . . .      Spirit   .    k - +0 scale mail
rPois   .          Reflect  .    (no helmet)
rElec   .          Harm     .    (no cloak)
rCorr   .          Rampage  .    m - +0 pair of gloves
Will    .....                    h - +0 pair of boots
Stlth   +                        (no amulet)
HPRegen 0.27/turn                (no ring)
MPRegen 0.10/turn                (no ring)

@: no status effects
A: high MP 1, forlorn, divine attributes
a: no special abilities


You were on level 3 of the Dungeon.
You visited 1 branch of the dungeon, and saw 5 of its levels.

You collected 169 gold pieces.

Inventory:

Missiles
 r - 15 poisoned darts
 u - 6 boomerangs (quivered)
Armour
 a - a +0 leather armour
 h - a +0 pair of boots (worn)
 k - a +0 scale mail (worn)
 m - a +0 pair of gloves (worn)
Wands
 f - a wand of digging (3)
Scrolls
 b - a scroll of fog
 c - a scroll of magic mapping
 d - 2 scrolls of silence {unknown}
 g - a scroll of vulnerability {unknown}
 j - a scroll of identify {unknown}
 p - 2 scrolls of teleportation {unknown}
 s - a scroll of enchant weapon {unknown}
 t - a scroll of noise {unknown}
Potions
 e - 2 potions of haste
 n - 2 potions of flight
 q - a potion of attraction {unknown}
 v - a potion of curing {unknown}


   Skills:
 - Level 2.6 Fighting
 - Level 1.7 Dodging
 - Level 4.5 Stealth
 + Level 5.2 Unarmed Combat


You had 4 spell levels left.
You didn't know any spells.
Your spell library contained the following spells:

 Spells                   Type           Power      Damage    Failure   Level
 Cigotuvi's Dreadful Rot  Necr/Pois/Air  0%         N/A       90%         2
 Scorch                   Fire           0%         2d5       90%         2
 Dispel Undead            Necr           0%         3d6       100%        4
 Flame Wave               Conj/Fire      0%         2d4       100%        4
 Blade Hands              Tmut           0%         N/A       100%        5
 Irradiate                Conj/Tmut      0%         3d11      100%        5
 Death Channel            Necr           0%         N/A       100%        6
 Summon Cactus Giant      Summ           0%         N/A       100%        6
 Dragon Form              Tmut           0%         N/A       100%        7


Dungeon Overview and Level Annotations

Branches:
Dungeon (5/15)
 Temple: D:4-7


Innate Abilities, Weirdness & Mutations

You have an increased reservoir of magic. (+10% MP)
You shall have no god before yourself.
Your divine heritage dramatically boosts your attributes as you level up.


Message History

Unknown command.
Unknown command.
Okay, then.
Okay, then.
Okay, then.
Unknown command.
Unknown command.
Unknown command.
Unknown command.
Okay, then.
Okay, then.
Unknown command.
Unknown command.
You barely miss the orc priest.
The orc priest is moderately wounded.
The orc priest invokes the aid of Beogh against you.
Pain shoots through your body!
* * * LOW HITPOINT WARNING * * *
Unknown command.
Unknown command.
Okay, then.
It was a potion of flight.
You feel very buoyant.
You fly up into the air.
The orc priest hits you but does no damage.
It was a potion of degeneration.
There was something very wrong with that liquid.
You feel weakened.
You feel dopey.
You feel clumsy.
The orc priest hits you but does no damage.
Unknown command.
It was a potion of invisibility.
You fade into invisibility!
The orc priest barely misses you.
It was a potion of cancellation.
Your magical effects are unravelling.
You feel magically purged.
You float gracefully downwards.
You flicker back into view.
The orc priest mumbles some strange prayers to Beogh against you.
Beogh smites you!
You die...

########### ###
#.........###.## ###
#.#.......##.#.#####.########
#.#.#####.#.###.....#.......#
#.#.#......## ##..##.######.#
#.#.#.###.#.###....### #.# #
#.#.......##.#....## #.# #
#.###.###.###.##o## ###.#####
#.........# ####@# #......##
#####.##### #[# #.#.##.## #.#
##'## #.#....## ##.# ##...##
#.####.## #..########.....##
#.####.## #.#.##.).........##
#......#
#......#.#........####......##
#.....##.##.......'...........
#......###..#.#...####...##.##


You could see an orc priest.

Vanquished Creatures
  An orc priest (D:3)
  6 adders
  A worm (D:2)
  4 dart slugs
  7 orcs
  4 ball pythons
  5 endoplasms
  4 giant cockroaches
  5 goblins
  6 hobgoblins
  16 jackals
  A quokka (D:2)
  2 bats
  5 frilled lizards
  7 kobolds
  3 rats
  A spectral goblin (D:2)
78 creatures vanquished.

Notes
Turn   | Place    | Note
-------+----------+-------------------------------------------
     0 | D:5      | drugrobin the Demigod Delver began the quest for the Orb.
     0 | D:5      | Reached XP level 1. HP: 18/18 MP: 3/3
    62 | D:3      | Reached skill level 2 in Unarmed Combat
   243 | D:1      | Reached XP level 2. HP: 19/25 MP: 4/4
   555 | D:1      | Reached skill level 3 in Unarmed Combat
   738 | D:1      | Reached XP level 3. HP: 25/30 MP: 5/5
  1228 | D:2      | Reached skill level 4 in Unarmed Combat
  1773 | D:2      | Reached XP level 4. HP: 34/37 MP: 6/6
  3256 | D:3      | Reached skill level 5 in Unarmed Combat
  3256 | D:3      | Reached XP level 5. HP: 41/42 MP: 7/7
  3269 | D:3      | HP: 1/42 [orc priest/nerve-wracking pain (9)]
  3273 | D:3      | Killed from afar by an orc priest

Illustrated notes

Levels and vault maps discovered:
D:1:      mrwooster_arrival_statue, layout_basic
D:2:      layout_basic, dreamdust_ecumenical_altar_drowned_temple
D:3:      layout_loops_corners, corexii_leaking_fountain, minmay_between
D:4:      layout_loops_cross
D:5:      layout_rooms, serial_corexii_hall, corexii_hall_statues_i,
          corexii_hall_statues_x, uniq_duvessa

Skill      XL: |  1  2  3  4 |
---------------+-------------+-----
Unarmed Combat | 2 3 4 5 |  5.2
Fighting       | |  2.6
Dodging        | |  1.7
Stealth        | |  4.5

Action                   |  1- 3 |  4- 6 || total
-------------------------+-------+-------++-------
Melee: Unarmed           |   182 |   141 ||   323
       Punch             |     6 |     7 ||    13
Throw: Boomerang         |       |     4 ||     4
       Dart              |       |     3 ||     3
  Use: Scroll            |     1 |       ||     1
       Potion            |       |     4 ||     4
 Stab: Sleeping          |     2 |     3 ||     5
       Distracted        |     1 |       ||     1
Armor: Leather armour    |    14 |       ||    14
       Scale mail        |    31 |    47 ||    78
Dodge: Dodged            |    82 |    64 ||   146

Table legend: (Time is in decaauts)
 A = Elapsed time spent in this place.
 B = Non-inter-level travel time spent in this place.
 C = Inter-level travel time spent in this place.
 D = Time resting spent in this place.
 E = Time spent auto-exploring this place.
 F = Levels seen in this place.
 G = Mean time per level.
                   A        B        C        D        E       F      G
               +--------+--------+--------+--------+--------+-----+--------+
         Total |   3266 |   3073 |    193 |     87 |   1892 |   5 |  653.2 |
       Dungeon |   3266 |   3073 |    193 |     87 |   1892 |   5 |  653.2 |
               +--------+--------+--------+--------+--------+-----+--------+

Top non-repeatable levels by time:
     D:3: 1062 daAuts
     D:2: 1013 daAuts
     D:1: 594 daAuts
     D:4: 582 daAuts
     D:5: 13 daAuts
